 Dungeon Crawl Stone Soup version 0.23.1 (webtiles) character file.

Game seed: 16748099505915494446

112 Borgoz the Sneak (level 4, -3/35 HPs)
             Began as a Ghoul Enchanter on Mar 8, 2019.
             Slain by an orc
             ... wielding a +0 flail
              (10 damage)
             ... on level 3 of the Dungeon.
             The game lasted 00:03:51 (1844 turns).

Borgoz the Sneak (Ghoul Enchanter)                  Turns: 1844, Time: 00:03:52

Health: -3/35      AC:  2    Str: 12    XL:     4   Next: 95%
Magic:  6/6        EV: 12    Int: 10    God:
Gold:   109        SH:  0    Dex:  9    Spells: 4/7 levels left

rFire    . . .     SeeInvis .   e - +0 short sword
rCold    + . .     Gourm    .   (no shield)
rNeg     + + +     Faith    .   b - +0 robe
rPois    ∞         Spirit   .   (no helmet)
rElec    .         Reflect  .   (no cloak)
rCorr    .         Harm     .   (no gloves)
MR       .....                  (no boots)
Stlth    ++........             (no amulet)
HPRegen  0.00/turn              (no ring)
MPRegen  0.10/turn              (no ring)

@: rotting
A: rotting body, claws 1, carnivore, cold resistance 1, negative energy
resistance 3, inhibited regeneration, torment resistance, unbreathing
a: no special abilities


You were on level 3 of the Dungeon.
You were not hungry.

You visited 1 branch of the dungeon, and saw 4 of its levels.

You collected 109 gold pieces.

Inventory:

Hand Weapons
 a - a +1 dagger
 e - a +0 short sword (weapon)
Missiles
 g - 8 tomahawks (quivered)
Armour
 b - a +0 robe (worn)
Scrolls
 c - a scroll of magic mapping
Potions
 f - a potion of berserk rage
Comestibles
 d - 3 rations


   Skills:
 + Level 1.0 Fighting
 + Level 1.6 Short Blades
 + Level 2.2 Dodging
 + Level 4.8 Stealth
 + Level 2.1 Spellcasting
 + Level 2.7 Hexes
 + Level 0.4 Ice Magic


You had 4 spell levels left.
You knew the following spells:

 Your Spells              Type           Power        Failure   Level  Hunger
a - Corona                Hex            #......      10%         1    ##.....
b - Ensorcelled Hibernat  Hex/Ice        #.....       24%         2    ###....

Your spell library contained the following spells:

 Spells                   Type           Power        Failure   Level  Hunger
 Confuse                  Hex            #.......     30%         3    ####...
 Tukima's Dance           Hex            #.......     30%         3    ####...
 Dazzling Spray           Conj/Hex       #.....       47%         3    ####...


Dungeon Overview and Level Annotations

Branches:
Dungeon (4/15)
 Temple: D:4-7

Altars:


Innate Abilities, Weirdness & Mutations

Your body is rotting away.
You thrive on raw meat.
You are immune to poison.
You have sharp fingernails.
You are carnivorous and can eat meat at any time.
Your flesh is cold resistant. (rC+)
You are immune to negative energy. (rN+++)
You do not regenerate when monsters are visible.
You are immune to unholy pain and torment.
You can survive without breathing.


Message History

You hear some strange, mumbled words.
Something tries to affect you, but you resist.
Okay, then.
As you read the scroll labeled REPESI LIVATUPLORCH, it crumbles to dust.
It is a scroll of amnesia.
Okay, then.
Something hits you but does no damage.
You hit something.
Reactivating autopickup.
Your Fighting skill increases to level 1!
You feel a bit more experienced.
You see here a stone.
There is a stone staircase leading up here.
You start resting.
The orc is too close now for your liking.
The orc shouts!
You hear a shout!
You hear an angry hiss.
You barely miss the orc. The orc hits you with a +0 flail.
* * * LOW HITPOINT WARNING * * *
You hit the orc but do no damage. The orc hits you with a +0 flail!
You die...

#...# ##.o..S.
#...########......
#.>..............
##.............o
#.###'#######'#
#####.# ♣.♣##
##♣.♣ #..÷..#
#...###.).#
#.#####
##..(.(..## #.#
##.(@o.## #.#
##♣.♣## #.# ###
####.# <....#
######


You could see an orc.

Vanquished Creatures
  An orc wizard (D:3)
  A worker ant (D:4)
  3 adders
  A worm (D:2)
  2 leopard geckos (D:2)
  An orc (D:3)
  3 bats
  4 goblins
  5 hobgoblins
  2 quokkas (D:2)
  7 frilled lizards
  3 kobolds
  3 rats
36 creatures vanquished.

Notes
Turn   | Place    | Note
-------+----------+-------------------------------------------
     0 | D:1      | Borgoz the Ghoul Enchanter began the quest for the Orb.
     0 | D:1      | Reached XP level 1. HP: 14/14 MP: 2/2
   226 | D:1      | Reached XP level 2. HP: 19/20 MP: 3/3
   233 | D:1      | Learned a level 2 spell: Ensorcelled Hibernation
   697 | D:2      | Reached skill level 1 in Short Blades
   712 | D:2      | Reached skill level 4 in Stealth
   736 | D:2      | Reached XP level 3. HP: 22/26 MP: 5/5
  1155 | D:2      | Noticed a bullfrog
  1545 | D:3      | Reached XP level 4. HP: 34/34 MP: 3/6
  1811 | D:3      | Reached skill level 1 in Fighting
  1844 | D:3      | Slain by an orc

Skill      XL: |  1  2  3  4 |
---------------+-------------+-----
Spellcasting   | 2 |  2.1
Short Blades   | 1 |  1.6
Stealth        | 4 |  4.8
Dodging        | 2 |  2.2
Fighting       | 1 |  1.0
Hexes          | |  2.7
Ice Magic      | |  0.4

Action                   |  1- 3 |  4- 6 || total
-------------------------+-------+-------++-------
Melee: Dagger            |   102 |       ||   102
       Short sword       |     7 |    25 ||    32
 Cast: Ensorcelled Hiber |     3 |     1 ||     4
  Use: Potion            |     6 |     2 ||     8
       Scroll            |     3 |     1 ||     4
 Stab: Sleeping          |    10 |     1 ||    11
  Eat: Chunk             |     5 |     3 ||     8
Armor: Robe              |    18 |     8 ||    26
Dodge: Dodged            |    68 |     9 ||    77
